 Dungeon Crawl Stone Soup version 0.31.0-32-g396128a36d (webtiles) character file.

Game seed: 15420799347418724632

46372 concernfroge the Fighter (level 14, 0/121 HPs)
             Began as a Merfolk Shapeshifter on Apr 24, 2024.
             Was an Elder of Ru.
             Slain by a five-headed hydra (14 damage)
             ... on level 4 of the Lair of Beasts.
             The game lasted 01:12:12 (14143 turns).

concernfroge the Fighter (Merfolk Shapeshifter)    Turns: 14143, Time: 01:12:13

Health: 0/121      AC:  8    Str: 20    XL:     14   Next: 37%
Magic:  7/12       EV: 19    Int: 12    God:    Ru [****..]
Gold:   702        SH:  0    Dex: 13    Spells: 13/13 levels left

rFire   . .          .
                       - Unarmed
rCold   + . .        (shield currently unavailable)
rNeg    + . .        R - +0 ring mail of Dogmatism {rC+ rCorr}
rPois   +            W - +1 hat
rElec   .            A - +1 cloak of Riatac {rN+}
rCorr   +            (gloves currently unavailable)
SInv    .            P - melded +2 pair of boots
Will    +....        u - amulet of regeneration
Stlth   +++++        Y - ring of Linearity {rPois Int+3}
HPRegen 1.20/turn    E - +4 ring of protection
MPRegen 0.13/turn

%: no passive effects
@: exhausted, blade hands, hasted, very quick
A: low MP 1, inability to train armour, no conjurations magic, no earth magic,
no alchemy magic, unskilled 1, nimble swimmer 2, mertail
a: Begin Untransformation, Renounce Religion, Draw Out Power, Power Leap


You were on level 4 of the Lair of Beasts.
You worshipped Ru.
Ru was greatly pleased with you.
You had blades for hands.
You visited 3 branches of the dungeon, and saw 15 of its levels.
You also visited: Gauntlet.

You collected 1014 gold pieces.
You spent 312 gold pieces at shops.

Inventory:

Hand Weapons
 C - a +0 long sword of protection
Missiles
 F - 4 silver javelins
 G - a throwing net (quivered)
Armour
 A - the +1 cloak of Riatac (worn) {rN+}
   (You found it in a Gauntlet)

   rN+:       It protects you from negative energy.
 I - a +0 troll leather armour
 P - a +2 pair of boots (melded)
 R - the +0 ring mail of Dogmatism (worn) {rC+ rCorr}
   (You bought it in a shop on level 10 of the Dungeon)

   rC+:       It protects you from cold.
   rCorr:     It protects you from acid and corrosion.
 U - a +2 kite shield of reflection
 W - a +1 hat (worn)
Jewellery
 b - a +4 ring of protection
 k - a ring of protection from cold
 o - an amulet of the acrobat
 u - an amulet of regeneration (around neck)
 E - a +4 ring of protection (right blade hand)
 L - a ring of protection from fire
 M - an amulet of reflection
 V - a +4 ring of slaying
 Y - the ring of Linearity (left blade hand) {rPois Int+3}
   (You found it in a Gauntlet)

   [ring of poison resistance]

   Int+3:     It affects your intelligence (+3).
   rPois:     It protects you from poison
Talismans
 c - a beast talisman
 d - a flux talisman
 p - a blade talisman (active)
Wands
 B - a wand of charming (19)
 H - a wand of quicksilver (6)
 K - a wand of polymorph (14)
 Q - a wand of digging (4)
Scrolls
 a - a scroll of blinking
 e - 4 scrolls of amnesia
 h - 6 scrolls of teleportation
 i - 2 scrolls of silence
 j - 3 scrolls of poison
 n - 5 scrolls of enchant weapon
 r - 5 scrolls of noise
 v - a scroll of brand weapon
 y - 2 scrolls of immolation
 z - 2 scrolls of fog
 D - 2 scrolls of fear
Potions
 f - a potion of might
 g - 3 potions of curing
 s - 5 potions of brilliance
 x - 2 potions of enlightenment
 J - a potion of resistance
 S - a potion of magic
Miscellaneous
 m - a tin of tremorstones (2/2)


   Skills:
 + Level 14.8 Fighting
 - Level 12.0 Dodging
 - Level 10.0 Stealth
 - Level 11.0 Unarmed Combat
 - Level 12.1 Shapeshifting


You had 13 spell levels left.
You didn't know any spells.
Your spell library contained the following spells:

 Spells                   Type           Power      Damage    Failure   Level
 Blink                    Tloc           0%         N/A       65%         2
 Call Imp                 Summ           0%         N/A       65%         2
 Ensorcelled Hibernation  Hex/Ice        0%         N/A       65%         2
 Sublimation of Blood     Necr           0%         N/A       65%         2
 Fugue of the Fallen      Necr           0%         N/A       86%         3
 Ozocubu's Armour         Ice            0%         N/A       86%         3
 Swiftness                Air            0%         N/A       86%         3
 Manifold Assault         Tloc           0%         N/A       99%         4
 Passage of Golubria      Tloc           0%         N/A       99%         4
 Vhi's Electric Charge    Tloc/Air       0%         N/A       99%         4
 Summon Forest            Summ/Tloc      0%         N/A       100%        5
 Summon Mana Viper        Hex/Summ       0%         N/A       100%        5
 Summon Cactus Giant      Summ           0%         N/A       100%        6
 Malign Gateway           Summ/Tloc      0%         N/A       100%        7
 Maxwell's Capacitive Co  Air            0%         ∞         100%        8
 Magic Dart               Conj           Unusable   1d3       N/A         1
 Passwall                 Erth           Unusable   N/A       N/A         3
 Petrify                  Alch/Erth      Unusable   N/A       N/A         4
 Arcjolt                  Conj/Air       Unusable   1d10      N/A         5
 Irradiate                Conj/Alch      Unusable   3d11      N/A         5

Dungeon Overview and Level Annotations

Branches:
Dungeon (10/15)            Temple (1/1) D:5            Lair (4/5) D:8
 Shoals (0/4) Lair:2        Snake (0/4) Lair:3          Orc (0/2) D:9
Gauntlet (visited)
  Slime: Lair:4-5

Altars:
Ashenzari
Cheibriados
Dithmenos
Elyvilon
Fedhas
Gozag
Hepliaklqana
Kikubaaqudgha
Makhleb
Nemelex Xobeh
Okawaru
Qazlal
Ru
Sif Muna
Trog
Uskayaw
Vehumet
Wu Jian
Xom
Yredelemnul
Zin
The Shining One

Shops:
D:1 *   D:5 *   D:9 *   D:10 [

Annotations:
Lair:3 exclusion: oklob plant


Innate Abilities, Weirdness & Mutations

You have blades for hands.
You are incapable of wielding weapons or throwing items.
Your magical capacity is low. (-10% MP)
You cannot train Armour skill.
You cannot study or cast Conjurations magic.
You cannot study or cast Earth magic.
You cannot study or cast Alchemy magic.
You are somewhat unskilled. (-1 Apt)
You are very nimble when in or above water. (Stealth+, EV+, Speed+++)
Your lower body shifts to a powerful aquatic tail in water.


Message History

The five-headed hydra is heavily wounded.
The five-headed hydra completely misses you.
The five-headed hydra bites you! The five-headed hydra bites you.
* * * LOW HITPOINT WARNING * * *
The five-headed hydra bites you.
* * * LOW HITPOINT WARNING * * *
The five-headed hydra bites you but does no damage.
The black mamba bites you but does no damage.
Okay, then.
Okay, then.
You feel much better. The black mamba barely misses you.
The five-headed hydra bites you.
The five-headed hydra closely misses you.
The five-headed hydra barely misses you. x2
The five-headed hydra closely misses you.
The black mamba completely misses you.
Okay, then.
Okay, then.
You feel yourself speed up. The black mamba closely misses you.
The five-headed hydra misses you. The five-headed hydra bites you!
You focus your inner power and illuminate the five-headed hydra in retribution!
The five-headed hydra completely misses you.
The five-headed hydra closely misses you.
The five-headed hydra bites you!
* * * LOW HITPOINT WARNING * * *
The black mamba bites you.
* * * LOW HITPOINT WARNING * * *
You are poisoned.
The black mamba poisons you!
Okay, then.
You feel better. The black mamba bites you!
* * * LOW HITPOINT WARNING * * *
The five-headed hydra closely misses you.
The five-headed hydra bites you!
* * * LOW HITPOINT WARNING * * *
The five-headed hydra bites you!
* * * LOW HITPOINT WARNING * * *
The five-headed hydra closely misses you.
The five-headed hydra bites you!
You die...

......##
###......##.# .†....#
##...<†..# .......#
#.........# .....###
##........# ......#
###....... ......#
############ .....##
♣♣P........♣♣♣♣♣♣♣♣
.....#
#♣P....S........♣♣.♣
.....##
#:$.~~@D..♣♣♣P.....♣#
......# #8(~~~~~.♣♣
♣♣♣....P# #....##
##########♣♣#####..##
.....##
#8~~~#~~~........P..#
.([..=##
#~~~~~~P.....P.P...♣#
.....#.#
#~~~.......P......♣♣
......##
#~~....♣..........♣
.....##
#~P..♣....⌠....#...♣
......#
#P...♣P........#....#


You could see a five-headed hydra (corona) and a black mamba.

Vanquished Creatures
  A minotaur (Gauntlet)
  Erolcha (D:10)
  A hydra (Lair:3)
  18 death yaks
  Sonja (D:10)
  A necromancer (Gauntlet)
  A cyclops (D:10)
  An apocalypse crab (Gauntlet)
  8 black mambas
  9 elephants
  8 cane toads
  A torpor snail (Lair:2)
  Psyche (D:8)
  7 komodo dragons
  3 trolls
  12 blink frogs
  2 hornets
  6 dream sheep (Lair:3)
  A raiju (Gauntlet)
  A wraith (D:6)
  56 yaks
  7 fire bats (Lair:3)
  A fire elemental (Lair:3)
  2 wyverns
  5 steam dragons
  2 wargs (D:9)
  3 basilisks
  4 vampire mosquitoes (D:10)
  An acid dragon (D:9)
  8 orc warriors
  13 water moccasins
  2 ice beasts
  3 black bears
  A sky beast (D:8)
  4 ogres
  4 centaurs
  2 phantoms
  2 kobold brigands
  18 bullfrogs
  A necrophage (D:7)
  A scorpion (D:4)
  8 wights
  An electric eel (Lair:2)
  4 howler monkeys
  2 lava snakes (Lair:3)
  A jelly (D:4)
  9 orc priests
  2 bombardier beetles (D:5)
  3 hounds
  4 hell rats (Lair:3)
  5 iguanas
  2 sleepcaps
  14 orc wizards
  A hound skeleton (D:7)
  4 gnolls (D:6)
  6 adders
  3 shadow imps
  A white imp (D:8)
  3 ribbon worms
  6 dart slugs
  52 orcs
  15 endoplasms
  A giant cockroach (D:4)
  9 goblins
  10 hobgoblins
  14 jackals
  4 quokkas
  4 ball pythons
  6 bats
  3 frilled lizards
  19 kobolds
  4 rats
444 creatures vanquished.

Vanquished Creatures (collateral kills)
  A kobold (D:4)
1 creature vanquished.

Vanquished Creatures (others)
  A yak (Lair:4)
  A steam dragon (D:8)
2 creatures vanquished.

Grand Total: 447 creatures vanquished

Notes
Turn   | Place    | Note
-------+----------+-------------------------------------------
     0 | D:1      | concernfroge the Merfolk Shapeshifter began the quest for
                  | the Orb.
     0 | D:1      | Reached XP level 1. HP: 15/15 MP: 1/1
    92 | D:1      | Reached XP level 2. HP: 20/21 MP: 2/2
   310 | D:1      | Reached skill level 2 in Fighting
   315 | D:1      | Reached XP level 3. HP: 25/27 MP: 3/3
   659 | D:1      | Found Vyerisuf's Assorted Antiques.
   672 | D:1      | Bought a scroll labelled YMMEPH PAOKAW for 28 gold pieces
   672 | D:1      | Bought a pink potion for 25 gold pieces
  1069 | D:2      | Reached XP level 4. HP: 34/34 MP: 4/4
  1101 | D:2      | Found a faded altar of an unknown god.
  2074 | D:3      | Reached skill level 5 in Shapeshifting
  2197 | D:3      | Reached skill level 3 in Fighting
  2429 | D:3      | Reached XP level 5. HP: 39/41 MP: 5/5
  2679 | D:4      | Reached XP level 6. HP: 26/48 MP: 6/6
  3019 | D:4      | Noticed a +0 spear
  3020 | D:4      | Noticed a +0 short sword
  3020 | D:4      | Noticed a +0 short sword
  3020 | D:4      | Noticed a +0 falchion
  3021 | D:4      | Noticed a +0 dagger
  3021 | D:4      | Noticed a +0 spear
  3021 | D:4      | Noticed a +0 falchion
  3021 | D:4      | Noticed a +0 dagger
  3036 | D:4      | Reached skill level 4 in Fighting
  3036 | D:4      | Reached skill level 5 in Unarmed Combat
  3111 | D:4      | Found a hide-covered altar of Uskayaw.
  3122 | D:4      | Identified the +10 rapier "Concordance" {speed, rF+ rC-
                  | Str+4 Stlth+}
  3264 | D:4      | Reached XP level 7. HP: 40/55 MP: 7/7
  4171 | D:5      | Entered Level 5 of the Dungeon
  4171 | D:5      | Found Bomag's General Store.
  4200 | D:4      | Reached skill level 5 in Fighting
  4330 | D:5      | Found a sparkling altar of Nemelex Xobeh.
  4414 | D:5      | Reached XP level 8. HP: 40/63 MP: 8/8
  4466 | D:5      | Found a staircase to the Ecumenical Temple.
  4497 | Temple   | Entered the Ecumenical Temple
  4540 | D:5      | Found a basalt altar of Yredelemnul.
  4580 | D:5      | Reached skill level 6 in Fighting
  4904 | Temple   | Became a worshipper of Ru the Awakened
  5357 | D:6      | Reached skill level 7 in Fighting
  5369 | D:6      | Reached XP level 9. HP: 72/72 MP: 9/9
  5871 | D:7      | Reached skill level 8 in Fighting
  6221 | D:7      | Found a burning altar of Makhleb.
  6229 | D:7      | Reached skill level 10 in Shapeshifting
  6387 | D:7      | Found a radiant altar of Vehumet.
  6397 | D:7      | Gained mutation: You cannot train Armour skill. [Ru
                  | sacrifice]
  6397 | D:7      | Reached * piety under Ru
  6629 | D:8      | Noticed Psyche
  6650 | D:8      | Killed Psyche
  6651 | D:8      | Reached skill level 9 in Fighting
  6651 | D:8      | Reached XP level 10. HP: 80/83 MP: 10/10
  7008 | D:8      | Reached skill level 10 in Unarmed Combat
  7148 | D:8      | Found a staircase to the Lair.
  7483 | D:9      | Found Muaf's Lightly-Used Armoury.
  7651 | D:9      | Reached skill level 10 in Fighting
  7706 | D:9      | Found a bloodstained altar of Trog.
  7712 | D:9      | Found a shimmering blue altar of Sif Muna.
  7894 | D:9      | Found a staircase to the Orcish Mines.
  8126 | D:9      | Found a glowing silver altar of Zin.
  8131 | D:9      | Found an ancient bone altar of Kikubaaqudgha.
  8133 | D:9      | Found a white marble altar of Elyvilon.
  8133 | D:9      | Found an ornate altar of the Wu Jian Council.
  8135 | D:9      | Found a glowing golden altar of the Shining One.
  8255 | D:10     | Entered Level 10 of the Dungeon
  8256 | D:10     | Noticed a cyclops
  8262 | D:10     | Killed a cyclops
  8263 | D:10     | Reached XP level 11. HP: 84/90 MP: 11/11
  8275 | D:10     | Noticed Erolcha
  8293 | D:10     | Killed Erolcha
  8294 | D:10     | Reached skill level 5 in Dodging
  8459 | D:10     | Found Ozetiade's Armour Shoppe.
  8484 | D:10     | Gained mutation: You cannot study or cast Earth magic. [Ru
                  | sacrifice]
  8484 | D:10     | Gained mutation: You cannot study or cast Alchemy magic.
                  | [Ru sacrifice]
  8484 | D:10     | Gained mutation: You cannot study or cast Conjurations
                  | magic. [Ru sacrifice]
  8484 | D:10     | Reached ** piety under Ru
  8582 | D:10     | Found a blossoming altar of Fedhas.
  8602 | D:10     | Found a shadowy altar of Dithmenos.
  8794 | D:10     | Noticed Sonja
  8802 | D:10     | Killed Sonja
  9076 | Lair:1   | Entered Level 1 of the Lair of Beasts
  9147 | D:10     | Bought the +0 ring mail of Dogmatism {rC+ rCorr} for 259
                  | gold pieces
  9282 | Lair:1   | Reached skill level 10 in Dodging
  9589 | Lair:1   | Reached skill level 11 in Fighting
  9723 | Lair:1   | Reached skill level 12 in Fighting
  9723 | Lair:1   | Reached XP level 12. HP: 79/102 MP: 12/12
 10799 | Lair:2   | Reached skill level 1 in Stealth
 11014 | Lair:2   | Reached skill level 5 in Stealth
 11123 | Lair:2   | Found a staircase to the Shoals.
 11196 | Lair:2   | Gained mutation: You are somewhat unskilled. (-1 Apt) [Ru
                  | sacrifice]
 11196 | Lair:2   | Reduced skill Fighting to level 11
 11196 | Lair:2   | Reached *** piety under Ru
 11272 | Lair:2   | Noticed a death yak
 11272 | Lair:2   | Noticed a death yak
 11275 | Lair:2   | Noticed a death yak
 11283 | Lair:2   | Killed a death yak
 11284 | Lair:2   | Killed a death yak
 11285 | Lair:2   | Killed a death yak
 11371 | Lair:2   | Reached XP level 13. HP: 43/105 MP: 13/13
 11938 | Lair:3   | Reached skill level 10 in Stealth
 12037 | Lair:3   | Got the Compilation of the Thirteen Violins
 12117 | Lair:3   | Reached skill level 10 in Dodging
 12457 | Lair:3   | Reached skill level 12 in Fighting
 12597 | Lair:3   | Found a staircase to the Snake Pit.
 12862 | Lair:3   | Gained mutation: Your magical capacity is low. (-10% MP)
                  | [Ru sacrifice]
 12862 | Lair:3   | Reached **** piety under Ru
 12887 | Lair:3   | Reached skill level 13 in Fighting
 12906 | Lair:3   | HP: 6/166 [elephant (5)]
 13023 | Lair:3   | Reached XP level 14. HP: 118/118 MP: 12/12
 13440 | Lair:4   | Found a gate leading to a gauntlet.
 13448 | Gauntlet | Entered a Gauntlet
 13449 | Gauntlet | Found a transporter.
 13456 | Gauntlet | Found a transporter.
 13464 | Gauntlet | Found a transporter.
 13467 | Gauntlet | Found a transporter.
 13478 | Gauntlet | Found a transporter.
 13531 | Gauntlet | Found a transporter.
 13550 | Gauntlet | Found a transporter.
 13566 | Gauntlet | Found a transporter.
 13570 | Gauntlet | Found a transporter.
 13580 | Gauntlet | Found a transporter.
 13583 | Gauntlet | Found a transporter.
 13594 | Gauntlet | Found a transporter.
 13760 | Gauntlet | Reached skill level 14 in Fighting
 13844 | Gauntlet | Identified the ring of Isama {Fly rPois rN+ Int+4 Dex-4}
 13872 | Gauntlet | Identified the +1 cloak of Riatac {rN+}
 13963 | Gauntlet | Identified the ring of Linearity {rPois Int+3}
 13963 | Gauntlet | Identified the ring of Xixkixe {Fire rPois rCorr Str-3
                  | Int+5}
 14143 | Lair:4   | Slain by a five-headed hydra

Illustrated notes

Levels and vault maps discovered:
D:1:      grunt_arrival_crossed_arrows, layout_basic, serial_shops, shop
D:2:      layout_loops_corners, ebering_ecumenical_altar_abandoned
D:3:      layout_loops_cross, st_stairs_9
D:4:      layout_basic, nicolae_uskayaw_en_pointe,
          hangedman_decor_clover_reticule, small_statue_intersection,
          nrook_loot_triangle, minmay_increasing_density
D:5:      layout_loops_cross, yredelemnul_altar_generic, old_standard_altar,
          minmay_temple_entry_purple_smoke, serial_shops,
          nicolae_shop_getting_attention, hangedman_decor_lopped
D:6:      layout_basic
D:7:      layout_rooms, makhleb_blood_cavern_becter,
          nicolae_vehumet_altar_sigil, serial_rivers,
          chequers_serial_rivers_room_b, chequers_serial_rivers_micro_e,
          chequers_serial_rivers_micro_c, chequers_serial_rivers_marsh,
          chequers_serial_rivers_large_a, chequers_serial_rivers_micro_d,
          nicolae_letterblocks [nicolae_letter_subblock,
          nicolae_letter_subblock, nicolae_letter_subblock,
          nicolae_letter_subblock, nicolae_letter_subblock,
          nicolae_letter_subblock, nicolae_letter_subblock,
          nicolae_letter_subblock, nicolae_letter_subblock,
          nicolae_letter_subblock, nicolae_letter_subblock,
          nicolae_letter_subblock, nicolae_letter_subblock,
          nicolae_letter_subblock, nicolae_letter_subblock,
          nicolae_letter_subblock, nicolae_letter_subblock,
          nicolae_letter_subblock, nicolae_letter_subblock,
          nicolae_letter_subblock, nicolae_letter_subblock,
          nicolae_letter_subblock, nicolae_letter_subblock,
          nicolae_letter_subblock, nicolae_letter_subblock]
D:8:      layout_cave_pools, lair_entry_dummy, uniq_psyche
D:9:      layout_irregular_city, hellmonk_overflow_destroyed_library,
          minitemple, david_orc_1_choice, minmay_shop_damaged,
          grunt_ministairs_12
D:10:     layout_loops_ring, general_overflow_altar,
          grunt_dithmenos_smoke_and_mirrors, serial_shops,
          nicolae_shop_tiny_waterfront, uniq_erolcha, uniq_sonja
Temple:   nicolae_temple_two_arcs
Lair:1:   layout_layer_cave, grunt_megastairs_5
Lair:2:   layout_gridlike, elwin_shoals_entry_rooms, nicolae_lair_grazing_beasts
          [nicolae_sub_lair_graze_edge, nicolae_sub_lair_graze_edge,
          nicolae_sub_lair_graze_edge, nicolae_sub_lair_graze_edge]
Lair:3:   layout_gridlike, dummy_snake_entry, hibernation_bobbens,
          grunt_megastairs_1
Lair:4:   cheibrodos_lair_overgrown_chateau, layout_hall_layers,
          gauntlet_entry_generic, nicolae_lair_time_for_slime

Skill      XL: |  1  2  3  4  5  6  7  8  9 10 11 12 13 14 |
---------------+-------------------------------------------+-----
Fighting       | 2 3 4 5 7 9 10 12 11 13 14 | 14.8
Unarmed Combat | 4 5 6 7 9 10 11 | 11.0
Shapeshifting  | 5 6 7 8 10 13 12 | 12.1
Dodging        | 10 9 12 | 12.0
Stealth        | 9 10 | 10.0

Action                     |  1- 3 |  4- 6 |  7- 9 | 10-12 | 13-15 || total
---------------------------+-------+-------+-------+-------+-------++-------
  Melee: Unarmed           |   136 |   181 |    37 |   444 |   354 ||  1152
         Punch             |     2 |     1 |    15 |    22 |    27 ||    67
         Rapier            |       |       |   220 |       |       ||   220
         Tailslap          |       |       |       |     1 |     1 ||     2
  Throw: Throwing net      |       |       |     1 |       |       ||     1
 Invoke: Sacrifice Durabil |       |       |     1 |       |       ||     1
         Sacrifice Arcana  |       |       |       |     1 |       ||     1
         Draw Out Power    |       |       |       |     1 |     4 ||     5
         Sacrifice Skill   |       |       |       |     1 |       ||     1
         Power Leap        |       |       |       |       |     3 ||     3
         Sacrifice Essence |       |       |       |       |     1 ||     1
  Evoke: Wand              |       |     1 |       |    10 |    11 ||    22
    Use: Potion            |       |     1 |     1 |     3 |    19 ||    24
         Scroll            |       |       |       |    16 |    11 ||    27
   Stab: Sleeping          |     2 |     3 |     7 |     1 |     5 ||    18
         Invisible         |       |       |       |       |     5 ||     5
         Distracted        |       |       |       |       |     2 ||     2
         Paralysed         |       |       |       |       |     1 ||     1
 Armour: Animal skin       |    57 |    56 |   151 |    74 |       ||   338
         Skin              |       |     7 |       |     1 |   155 ||   163
         Troll leather arm |       |       |       |    42 |       ||    42
         Ring mail         |       |       |       |   105 |   154 ||   259
  Dodge: Dodged            |    78 |    91 |   134 |   204 |   172 ||   679
   Form: Beast             |     1 |       |       |     1 |       ||     2
         Blade             |       |       |     1 |     1 |       ||     2
